 Dungeon Crawl Stone Soup version 0.19.1 (webtiles) character file.

1404 Dfrag the Conjurer (level 8, -1/52 HPs)
             Began as a Demonspawn Fire Elementalist on Nov 29, 2016.
             Slain by an orc warrior
             ... wielding a +1 halberd of venom
              (18 damage)
             ... on level 6 of the Dungeon.
             The game lasted 00:07:39 (4385 turns).

Dfrag the Conjurer (Demonspawn Fire Elementalist)   Turns: 4385, Time: 00:07:40

Health: -1/52      AC:  4    Str:  8    XL:     8   Next: 42%
Magic:  11/16      EV: 12    Int: 19    God:
Gold:   311        SH:  0    Dex: 14    Spells: 2 memorised, 13 levels left

rFire  . . .     SeeInvis .     v - +6 flail (venom)
rCold  + . .     Gourm    .     j - +0 troll leather armour
rNeg   . . .     Faith    .     (no shield)
rPois  .         Spirit   .     (helmet restricted)
rElec  .         Reflect  .     (no cloak)
rCorr  .         Harm     .     (no gloves)
MR     .....                    (no boots)
Stlth  ++........               (no amulet)
                                (no ring)
                                (no ring)

@: lethally poisoned (-1 -> -13)
A: antennae 1, cold resistance 1, rot immunity, freezing cloud immunity, sturdy
frame 1
a: no special abilities


You were on level 6 of the Dungeon.
You were not hungry.

You visited 1 branch of the dungeon, and saw 7 of its levels.
You also visited: Sewer.

You collected 311 gold pieces.

Inventory:

Hand Weapons
 m - a +0 dagger
 t - the +4 mace of Springtime {crush, Str+3}
   (You found it on level 4 of the Dungeon)

   It inflicts extra damage upon your enemies.
   It affects your strength (+3).
 v - a +6 flail of venom (weapon)
Armour
 a - a +0 robe
 j - a +0 troll leather armour (worn)
Wands
 r - a wand of flame (24/48)
 w - a wand of flame (9/48)
Scrolls
 f - 9 scrolls of identify {unknown}
 i - 2 scrolls of fear {unknown}
 l - 3 scrolls of blinking {unknown}
 s - a scroll of remove curse {unknown}
 x - 3 scrolls of teleportation {unknown}
 y - a scroll of magic mapping {unknown}
 A - 3 scrolls of fog {unknown}
Potions
 d - a potion of haste {unknown}
 e - a potion of lignification {unknown}
 g - 4 potions of curing {unknown}
 h - 2 potions of might {unknown}
 k - a potion of brilliance {unknown}
 o - a potion of cancellation {unknown}
 p - a potion of flight {unknown}
 z - 3 potions of heal wounds {unknown}
 B - 2 potions of mutation {unknown}
Books
 b - a book of Flames

   Spells                             Type                      Level
   a - Flame Tongue                   Conjuration/Fire             1
   b - Throw Flame                    Conjuration/Fire             2
   c - Conjure Flame                  Conjuration/Fire             3
   d - Inner Flame                    Hexes/Fire                   3
   e - Sticky Flame                   Conjuration/Fire             4
   f - Fireball                       Conjuration/Fire             5
Comestibles
 c - 4 bread rations
 n - a meat ration
 q - a slice of pizza
 C - a beef jerky


   Skills:
 - Level 1.7 Dodging
 - Level 1.7 Stealth
 + Level 5.9 Spellcasting
 + Level 6.1 Conjurations
 + Level 5.8 Fire Magic


You had 13 spell levels left.
You knew the following spells:

 Your Spells              Type           Power        Failure   Level  Hunger
a - Flame Tongue          Conj/Fire      ####.        1%          1    None
d - Sticky Flame          Conj/Fire      ####....     12%         4    ####...


Dungeon Overview and Level Annotations

Branches:
Dungeon (7/15)
 Temple: D:4-7

Altars:
Cheibriados
Dithmenos
Hepliaklqana
Kikubaaqudgha
Okawaru
Sif Muna


Innate Abilities, Weirdness & Mutations

You have a pair of small antennae on your head.
Your flesh is cold resistant. (rC+)
You are immune to rotting.
You are immune to freezing clouds.
Your movements are slightly less encumbered by armour. (ER -2)


Message History

The orc warrior is covered in liquid flames!
You feel sick.
The orc warrior burns!
The orc warrior hits you with a halberd of venom!!
You are more poisoned.
Unknown command.
Casting: Sticky Flame
Confirm with . or Enter, or press ? or * to list all spells.
Aiming: Flame Tongue
Press: ? - help, Shift-Dir - straight line, f/p - orc warrior
Aim: an orc warrior, wielding a halberd of venom and wearing a chain mail (lightly wounded, covered in liquid flames)
Okay, then.
Casting: Flame Tongue
Confirm with . or Enter, or press ? or * to list all spells.
Aiming: Flame Tongue
Press: ? - help, Shift-Dir - straight line, f/p - orc warrior
Aim: an orc warrior, wielding a halberd of venom and wearing a chain mail (lightly wounded, covered in liquid flames)
The flame tongue misses the orc warrior.
You feel sick.
The orc warrior burns!
The orc warrior hits you with a halberd of venom!!
You die...

###############.###........#
......................#..###
##############...####.#.##
.......#######...# #.#.#
.....[.'.....#...# #.#.#
.......#####.#...####.#.#
.......###..........#.#.#
...........#.#...####.#
...........+....@..[..#
...........#.#.#o######
...........#.#.#.#
...........#.#.#.#
#..........#.#...#
##.###+###.#.#....
#.[.).....# #.###
#.###.##### #. #.........


You could see an orc warrior (burning).

Vanquished Creatures
  Eustachio (D:6)
  Edmund (D:6)
  Duvessa (D:6)
  An ice beast (D:4)
  2 ogres (D:4)
  Dowan (D:6)
  2 crimson imps (D:5)
  3 hounds
  A bullfrog zombie (D:5)
  A bullfrog skeleton (D:5)
  6 orc wizards
  Ijyb (D:2)
  2 worker ants
  A hound skeleton (D:4)
  3 gnolls (D:3)
  A howler monkey skeleton (D:5)
  8 adders
  3 river rats (Sewer)
  An ooze (D:2)
  3 dart slugs (D:2)
  4 worms
  3 leopard geckos
  15 orcs
  3 ball pythons (Sewer)
  4 bats
  3 giant cockroaches (D:2)
  10 goblins
  10 hobgoblins
  3 jackals (D:1)
  3 quokkas
  11 frilled lizards
  6 kobolds
  8 rats
126 creatures vanquished.

Notes
Turn   | Place    | Note
-------+----------+-------------------------------------------
     0 | D:1      | Dfrag the Demonspawn Fire Elementalist began the quest for the Orb.
     0 | D:1      | Reached XP level 1. HP: 13/13 MP: 3/3
   301 | D:1      | Gained mutation: Your movements are slightly less encumbered by armour. (ER -2) [demonic ancestry]
   301 | D:1      | Reached XP level 2. HP: 14/19 MP: 1/5
   674 | D:2      | Reached skill level 2 in Conjurations
   708 | D:2      | Gained mutation: You have a pair of small antennae on your head. [demonic ancestry]
   708 | D:2      | Reached XP level 3. HP: 22/24 MP: 4/6
  1007 | D:2      | Noticed Ijyb
  1073 | D:2      | Killed Ijyb
  1073 | D:2      | Reached XP level 4. HP: 12/30 MP: 0/8
  1450 | D:3      | Found a shadowy altar of Dithmenos.
  1561 | D:3      | Found an iron altar of Okawaru.
  1623 | D:3      | Found a faded altar of an unknown god.
  1828 | D:3      | Found a deep blue altar of Sif Muna.
  1880 | D:3      | Reached skill level 3 in Conjurations
  1880 | D:3      | Gained mutation: Your flesh is cold resistant. (rC+) [demonic ancestry]
  1880 | D:3      | Reached XP level 5. HP: 25/35 MP: 3/9
  2206 | D:3      | Gained mutation: You are immune to freezing clouds. [demonic ancestry]
  2206 | D:3      | Reached XP level 6. HP: 23/41 MP: 3/11
  2333 | D:4      | Noticed an ice beast
  2342 | D:4      | Killed an ice beast
  2342 | D:4      | Reached skill level 4 in Conjurations
  2384 | D:4      | HP: 1/41 [ogre/giant club (26)]
  2496 | D:4      | HP: 1/41 [ogre/giant spiked club (13)]
  2498 | D:4      | Reached XP level 7. HP: 2/46 MP: 6/13
  2507 | D:4      | Learned a level 4 spell: Sticky Flame
  2659 | D:4      | Got a translucent mace
  2660 | D:4      | Identified the +4 mace of Springtime {crush, Str+3} (You found it on level 4 of the Dungeon)
  2795 | D:4      | Found an ancient bone altar of Kikubaaqudgha.
  3132 | D:5      | Entered Level 5 of the Dungeon
  3132 | D:5      | Found a snail-covered altar of Cheibriados.
  3215 | D:5      | Reached skill level 5 in Conjurations
  3283 | D:5      | Reached skill level 5 in Fire Magic
  3336 | D:5      | Found a hazy altar of Hepliaklqana.
  3533 | D:5      | Reached skill level 5 in Spellcasting
  3711 | D:6      | Noticed Edmund
  3717 | D:6      | Killed Edmund
  3717 | D:6      | Gained mutation: You are immune to rotting. [demonic ancestry]
  3717 | D:6      | Reached XP level 8. HP: 43/52 MP: 6/15
  3730 | D:6      | Noticed Duvessa
  3731 | D:6      | Noticed Dowan
  3738 | D:6      | Killed Duvessa
  3746 | D:6      | HP: 2/52 [Dowan/wand of flame (5)]
  3747 | D:6      | Killed Dowan
  3805 | D:6      | Found a glowing drain.
  3810 | Sewer    | Entered a sewer
  4198 | D:6      | Noticed Eustachio
  4206 | D:6      | Killed Eustachio
  4206 | D:6      | Reached skill level 6 in Conjurations
  4385 | D:6      | Slain by an orc warrior

Skill      XL: |  1  2  3  4  5  6  7  8 |
---------------+-------------------------+-----
Conjurations   | 2 3 4 5 6 |  6.1
Fire Magic     | 3 4 5 |  5.8
Spellcasting   | 3 4 5 |  5.9
Dodging        | |  1.7
Stealth        | |  1.7

Action                   |  1- 3 |  4- 6 |  7- 9 || total
-------------------------+-------+-------+-------++-------
Melee: Unarmed           |    54 |       |       ||    54
       Dagger            |       |    50 |       ||    50
       Mace              |       |       |    89 ||    89
       Flail             |       |       |    46 ||    46
 Cast: Flame Tongue      |    54 |   100 |    50 ||   204
       Sticky Flame      |       |       |     6 ||     6
 Stab: Sleeping          |       |     1 |     1 ||     2
  Eat: Chunk             |     1 |     4 |     8 ||    13
Armor: Robe              |    17 |     2 |       ||    19
       Troll leather arm |       |    11 |    30 ||    41
Dodge: Dodged            |    63 |    66 |   113 ||   242
